AoeStats
← ccereal

Oasis

509371274Analyzed
4v4 RM · 6d ago on Sep 26, 2026· 12m 12s· 8 players
Game mode
Random Map
Map size
Large (8 player)
Population
200
Speed
Normal
Resources
Standard
Victory
Conquest
Starting age
Dark Age
Ending age
Imperial Age
RankedLock teamsTeams togetherTeam positionsShared explorationLock speedFull tech treeHidden civsTurbo modeCheats
Victory
Defeat
🇫🇷 Saracens · France
1630
+10
🇫🇷 Jurchens · France
1579
+11
🇩🇪 Franks · Germany
1544
+13
🇫🇷 Britons · France
1476
+15
🇨🇳 Huns · China
1502
-13
🇮🇳 Franks · India
1492
-13
🇧🇷 Turks · Brazil
1462
-12
🇺🇸 Ethiopians · United States
1438
-11
Julio2
6:02 Loom
6:12 Loom
9:04 Feudal Age
10:19 Double-Bit Axe
Parle Genius
10:12 Feudal Age
mikeymazko
6:57 Loom
9:17 Feudal Age
10:11 Double-Bit Axe
自娱自乐
8:45 Loom
13:06 Feudal Age
ccereal
6:10 Loom
8:24 Feudal Age
9:02 Double-Bit Axe
10:49 Fletching
Tonymontana
5:58 Loom
8:47 Feudal Age
p0n0n0
6:33 Loom
8:56 Feudal Age
9:41 Double-Bit Axe
Frorok
6:11 Loom
9:17 Feudal Age
9:56 Double-Bit Axe
Connection lost

Rejoining the realm…

Still unreachable

The connection could not be restored.

Session expired

The server has moved on; the page needs a fresh start.